General information
- name: BNet
- type: Ladder team game (AT/RT)
- host: Battle.net
- saver: CaligulaXXXIIx
map: SunrockCove
- players: 6
- length: 20:39
- speed: Fast
- version: 1.24 W3XP
- replay type: Public
» download(136 KB)
Players
team 1 (loser)
book.txt (
teal | 64 APM | 236 actions | 03:40)
1 Archmage
1 Blizzard
» actions
| Basic commands | 3 | |
| Build / train | 13 | |
| Enter build submenu | 8 | |
| Enter hero's abilities submenu | 1 | |
| Right click | 113 | |
| Select / deselect | 80 | |
| Use ability | 18 | |
236 total
» units
» buildings
| Altar of Kings | 1 | |
| Farm | 2 | |
| Arcane Vault | 1 | |
| Barracks | 1 | |
| Scout Tower | 1 | |
| Lumber Mill | 1 | |
7 total
» build order
00:04 Altar of Kings
00:07 Farm
00:40 Farm
01:09 Arcane Vault
01:36 Barracks
02:30 Scout Tower
02:35 Lumber Mill
» items
| Scroll of Regeneration | 2 | |
| Lesser Clarity Potion | 1 | |
3 total
Muts (
purple | 94 APM | 1945 actions | 20:38)
2 Blademaster
1 Critical Strike
1 Wind Walk
1 Shadow Hunter
1 Hex
1 Archmage
1 Brilliance Aura
1 Tauren Chieftain
1 War Stomp
1 Paladin
1 Holy Light
» actions
| Assign group hotkey | 111 | |
| Basic commands | 60 | |
| Build / train | 81 | |
| ESC pressed | 1 | |
| Enter build submenu | 32 | |
| Enter hero's abilities submenu | 6 | |
| Give item / drop item | 1 | |
| Remove unit from queue | 3 | |
| Right click | 778 | |
| Select / deselect | 335 | |
| Select group hotkey | 445 | |
| Use ability | 92 | |
1945 total
» units
| Peon | 15 | |
| Grunt | 4 | |
| Peasant | 10 | |
| Rifleman | 5 | |
| Kodo Beast | 1 | |
| Tauren | 3 | |
| Shaman | 3 | |
| Priest | 4 | |
45 total
» upgrades
| Armor | 3 | |
| Gunpowder | 2 | |
| Shaman Training | 2 | |
| Long Rifles | 1 | |
| Pulverize | 1 | |
| Spirit Walker Training | 0 | |
| Witch Doctor Training | 1 | |
| Reinforced Defenses | 1 | |
11 total
» buildings
| Altar of Storms | 1 | |
| Orc Burrow | 7 | |
| Barracks | 1 | |
| Voodoo Lounge | 1 | |
| Stronghold | 1 | |
| War Mill | 1 | |
| Blacksmith | 1 | |
| Farm | 5 | |
| Great Hall | 1 | |
| Fortress | 1 | |
| Keep | 1 | |
| Spirit Lodge | 1 | |
| Beastiary | 1 | |
| Tauren Totem | 2 | |
| Watch Tower | 2 | |
| Arcane Sanctum | 1 | |
| Castle | 1 | |
| Town Hall | 1 | |
30 total
» build order
00:19 Altar of Storms
00:28 Orc Burrow
01:05 Barracks
01:59 Orc Burrow
03:01 Voodoo Lounge
05:33 Stronghold
05:36 Orc Burrow
05:39 War Mill
05:55 Blacksmith
06:06 Farm
06:20 Great Hall
07:03 Farm
07:09 Farm
07:11 Farm
08:17 Fortress
08:27 Keep
08:38 Orc Burrow
08:43 Spirit Lodge
08:49 Beastiary
09:30 Farm
09:38 Orc Burrow
10:17 Orc Burrow
10:44 Tauren Totem
10:48 Tauren Totem
11:58 Watch Tower
13:15 Arcane Sanctum
13:29 Castle
14:52 Orc Burrow
16:52 Watch Tower
17:54 Town Hall
» items
| Scroll of Regeneration | 2 | |
| Boots of Speed | 1 | |
| Healing Salve | 3 | |
| Orb of Lightning | 1 | |
7 total
RatOrK (
yellow | 100 APM | 1972 actions | 19:45)
4 Crypt Lord
2 Carrion Beetles
2 Spiked Carapace
2 Death Knight
1 Death Coil
1 Unholy Aura
» actions
| Assign group hotkey | 39 | |
| Build / train | 59 | |
| ESC pressed | 1 | |
| Enter build submenu | 15 | |
| Enter hero's abilities submenu | 6 | |
| Right click | 1071 | |
| Select / deselect | 308 | |
| Select group hotkey | 432 | |
| Use ability | 41 | |
1972 total
» units
| Acolyte | 13 | |
| Ghoul | 2 | |
| Crypt Fiend | 14 | |
| Obsidian Statue | 2 | |
| Banshee | 7 | |
38 total
» upgrades
| Web | 1 | |
| Burrow | 1 | |
| Banshee Training | 1 | |
3 total
» buildings
| Crypt | 1 | |
| Graveyard | 1 | |
| Altar of Darkness | 1 | |
| Ziggurat | 5 | |
| Tomb of Relics | 1 | |
| Nerubian Tower | 2 | |
| Halls of the Dead | 3 | |
| Slaughterhouse | 1 | |
| Temple of the Damned | 1 | |
16 total
» build order
00:12 Crypt
00:25 Graveyard
00:50 Altar of Darkness
01:07 Ziggurat
01:32 Tomb of Relics
02:02 Ziggurat
02:17 Nerubian Tower
03:32 Halls of the Dead
03:32 Halls of the Dead
04:35 Ziggurat
07:59 Slaughterhouse
08:02 Temple of the Damned
09:04 Ziggurat
10:37 Nerubian Tower
11:43 Ziggurat
» items
| Rod of Necromancy | 1 | |
| Dust of Appearance | 1 | |
| Potion of Healing | 1 | |
| Scroll of Healing | 1 | |
| Scroll of Protection | 1 | |
5 total
team 2 (winner)
CaligulaXXXIIx (
green | 104 APM | 2148 actions | 20:39)
3 Archmage
2 Blizzard
1 Brilliance Aura
2 Blood Mage
1 Flame Strike
1 Banish
» actions
| Assign group hotkey | 5 | |
| Basic commands | 4 | |
| Build / train | 93 | |
| Enter build submenu | 47 | |
| Enter hero's abilities submenu | 6 | |
| Give item / drop item | 2 | |
| Remove unit from queue | 6 | |
| Right click | 1341 | |
| Select / deselect | 332 | |
| Select group hotkey | 193 | |
| Use ability | 119 | |
2148 total
» units
| Peasant | 22 | |
| Priest | 2 | |
| Sorceress | 1 | |
25 total
» upgrades
| Masonry | 3 | |
| Lumber Harvesting | 2 | |
| Magic Sentry | 1 | |
| Sorceress Training | 1 | |
| Priest Training | 1 | |
8 total
» buildings
| Altar of Kings | 1 | |
| Farm | 4 | |
| Lumber Mill | 2 | |
| Scout Tower | 38 | |
| Arcane Vault | 1 | |
| Arcane Tower | 3 | |
| Guard Tower | 24 | |
| Keep | 1 | |
| Blacksmith | 1 | |
| Town Hall | 3 | |
| Arcane Sanctum | 1 | |
| Castle | 1 | |
| Gryphon Aviary | 1 | |
81 total
» build order
00:09 Altar of Kings
00:19 Farm
00:34 Lumber Mill
00:55 Farm
01:33 Scout Tower
01:41 Arcane Vault
01:51 Scout Tower
02:02 Arcane Tower
02:37 Guard Tower
03:00 Scout Tower
03:01 Scout Tower
03:02 Scout Tower
03:37 Guard Tower
04:17 Guard Tower
04:19 Guard Tower
04:19 Keep
04:22 Scout Tower
04:23 Scout Tower
04:56 Guard Tower
05:14 Guard Tower
05:40 Scout Tower
05:41 Scout Tower
05:42 Scout Tower
05:43 Scout Tower
05:43 Scout Tower
05:57 Blacksmith
06:11 Scout Tower
06:12 Scout Tower
06:14 Scout Tower
06:23 Guard Tower
06:45 Guard Tower
06:45 Guard Tower
06:45 Guard Tower
07:16 Guard Tower
07:18 Arcane Tower
07:19 Guard Tower
07:37 Town Hall
07:40 Town Hall
08:12 Guard Tower
08:33 Scout Tower
08:46 Farm
09:09 Arcane Tower
09:12 Scout Tower
09:49 Guard Tower
09:50 Scout Tower
09:51 Scout Tower
09:51 Scout Tower
09:52 Scout Tower
10:38 Arcane Sanctum
11:31 Guard Tower
11:34 Scout Tower
13:12 Castle
13:17 Scout Tower
13:17 Scout Tower
13:26 Guard Tower
13:28 Scout Tower
13:29 Scout Tower
13:30 Scout Tower
13:30 Scout Tower
13:39 Gryphon Aviary
14:42 Guard Tower
14:44 Scout Tower
14:45 Scout Tower
14:45 Scout Tower
15:06 Scout Tower
15:56 Guard Tower
16:28 Guard Tower
16:30 Scout Tower
16:32 Scout Tower
16:33 Scout Tower
16:34 Scout Tower
16:35 Scout Tower
16:35 Scout Tower
16:36 Guard Tower
16:57 Farm
17:37 Town Hall
17:42 Guard Tower
18:44 Guard Tower
19:56 Lumber Mill
20:13 Guard Tower
» items
| Scroll of Regeneration | 4 | |
| Lesser Clarity Potion | 2 | |
| Boots of Speed | 2 | |
| Potion of Lesser Invulnerability | 2 | |
| Staff of Teleportation | 2 | |
| Potion of Healing | 1 | |
| Scroll of Town Portal | 1 | |
14 total
NerotendoLXIV (
orange | 80 APM | 1646 actions | 20:39)
5 Blademaster
2 Wind Walk
3 Critical Strike
» actions
| Assign group hotkey | 4 | |
| Basic commands | 17 | |
| Build / train | 50 | |
| ESC pressed | 1 | |
| Enter build submenu | 40 | |
| Enter hero's abilities submenu | 5 | |
| Give item / drop item | 4 | |
| Remove unit from queue | 1 | |
| Right click | 981 | |
| Select / deselect | 309 | |
| Select group hotkey | 158 | |
| Use ability | 76 | |
1646 total
» units
» upgrades
| Reinforced Defenses | 1 | |
| Envenomed Spears | 1 | |
| Ranged Weapons | 3 | |
| Armor | 2 | |
| Liquid Fire | 1 | |
8 total
» buildings
| Altar of Storms | 1 | |
| Orc Burrow | 4 | |
| War Mill | 1 | |
| Voodoo Lounge | 1 | |
| Watch Tower | 28 | |
| Great Hall | 1 | |
| Stronghold | 1 | |
| Fortress | 1 | |
| Beastiary | 2 | |
40 total
» build order
00:07 Altar of Storms
00:21 Orc Burrow
00:36 War Mill
01:11 Voodoo Lounge
01:48 Watch Tower
02:11 Orc Burrow
02:18 Orc Burrow
02:30 Watch Tower
03:11 Watch Tower
03:27 Watch Tower
03:57 Watch Tower
04:34 Watch Tower
04:55 Great Hall
04:58 Watch Tower
05:22 Watch Tower
06:08 Watch Tower
06:26 Watch Tower
06:28 Stronghold
07:12 Watch Tower
07:28 Watch Tower
08:15 Watch Tower
08:44 Watch Tower
08:53 Fortress
08:58 Watch Tower
09:03 Watch Tower
09:24 Watch Tower
09:48 Watch Tower
10:34 Watch Tower
10:55 Beastiary
11:00 Beastiary
11:11 Watch Tower
11:38 Watch Tower
12:05 Orc Burrow
12:52 Watch Tower
14:27 Watch Tower
14:42 Watch Tower
14:45 Watch Tower
16:03 Watch Tower
16:07 Watch Tower
17:13 Watch Tower
» items
| Healing Salve | 3 | |
| Lesser Clarity Potion | 3 | |
| Boots of Speed | 1 | |
| Staff of Teleportation | 1 | |
| Orb of Lightning | 1 | |
9 total
TheTiniestGoku (
red | 50 APM | 1024 actions | 20:39)
5 Blademaster
3 Wind Walk
2 Critical Strike
» actions
| Assign group hotkey | 15 | |
| Basic commands | 7 | |
| Build / train | 76 | |
| ESC pressed | 2 | |
| Enter build submenu | 31 | |
| Enter hero's abilities submenu | 5 | |
| Give item / drop item | 6 | |
| Right click | 363 | |
| Select / deselect | 150 | |
| Select group hotkey | 272 | |
| Use ability | 97 | |
1024 total
» units
» upgrades
| Spiked Barricades | 2 | |
| Ranged Weapons | 3 | |
| Liquid Fire | 1 | |
| Reinforced Defenses | 1 | |
| Armor | 3 | |
10 total
» buildings
| Altar of Storms | 1 | |
| Orc Burrow | 4 | |
| War Mill | 1 | |
| Watch Tower | 26 | |
| Voodoo Lounge | 1 | |
| Stronghold | 3 | |
| Fortress | 4 | |
| Beastiary | 2 | |
| Great Hall | 1 | |
| Barracks | 1 | |
44 total
» build order
00:09 Altar of Storms
00:19 Orc Burrow
00:29 War Mill
01:41 Watch Tower
01:53 Orc Burrow
02:23 Watch Tower
02:47 Watch Tower
03:21 Watch Tower
03:53 Watch Tower
04:22 Voodoo Lounge
04:31 Watch Tower
04:33 Stronghold
04:33 Stronghold
05:04 Watch Tower
05:38 Watch Tower
06:20 Watch Tower
06:21 Watch Tower
06:36 Watch Tower
06:54 Fortress
06:54 Fortress
06:54 Fortress
07:35 Beastiary
07:35 Beastiary
07:51 Orc Burrow
07:51 Orc Burrow
08:14 Watch Tower
08:15 Watch Tower
09:46 Great Hall
09:48 Watch Tower
10:52 Watch Tower
11:18 Watch Tower
11:21 Watch Tower
12:56 Watch Tower
12:58 Watch Tower
14:13 Watch Tower
15:50 Watch Tower
15:50 Watch Tower
15:52 Watch Tower
19:02 Watch Tower
19:04 Watch Tower
19:05 Watch Tower
19:20 Barracks
» items
| Lesser Clarity Potion | 6 | |
| Healing Salve | 4 | |
| Boots of Speed | 1 | |
| Staff of Teleportation | 1 | |
| Orb of Lightning | 1 | |
| Circlet of Nobility | 1 | |
14 total
Chat log
(00:08 / All) Muts: how old r u guys?
(00:11 / All) Muts: 14?
(00:12 / All) CaligulaXXXIIx: XXII
(00:14 / All) TheTiniestGoku: im 15
(00:14 / All) NerotendoLXIV: 64
(00:19 / All) NerotendoLXIV: XXIV
(00:32 / All) Muts: really?
(00:41 / All) Muts: thats how big my penis is
(00:43 / All) Muts: XXIV
(00:55 / All) TheTiniestGoku: yeah XXIV millimeters
(00:56 / All) NerotendoLXIV: i dont give a sesterce how small your phallus is
(01:24 / All) Muts: you mean million meat
(01:34 / All) Muts: million meat tears
(01:53 / All) Muts: XXIV MILLION MEAT TEARS
(01:59 / All) NerotendoLXIV: manner plesae
(02:08 / All) Muts: STFU FAGGOT MUFFIN
(02:18 / All) Muts: EAT A CRANBERRY
(02:26 / All) NerotendoLXIV: heheh monkey cheese
(02:45 / All) Muts: diry fat mans wallet
(03:12 / All) Muts: ur a cuz guzzling queen
(03:16 / All) CaligulaXXXIIx: this is revenge and a half
(03:52 / All) CaligulaXXXIIx: really
(03:53 / All) CaligulaXXXIIx: et tu
(03:54 / All) NerotendoLXIV: really
(03:55 / All) TheTiniestGoku: 2ez nubs
(04:03 / All) NerotendoLXIV: y tu, noob?
(09:07 / All) CaligulaXXXIIx: where y'all from
(09:22 / All) NerotendoLXIV: 63 AD
(09:26 / All) NerotendoLXIV: er
(09:31 / All) NerotendoLXIV: LXIII
(09:36 / All) CaligulaXXXIIx: anno domini
(09:39 / All) NerotendoLXIV: anno jesus christo
(11:42 / All) CaligulaXXXIIx: where did booktxt og
(11:43 / All) CaligulaXXXIIx: go
(11:47 / All) CaligulaXXXIIx: hades...?
(17:15 / All) CaligulaXXXIIx: you got any fingers purp/teal
(18:50 / All) CaligulaXXXIIx: HEY
(19:17 / All) CaligulaXXXIIx: use scroll???
(19:20 / All) CaligulaXXXIIx: larmo
(19:20 / All) RatOrK: u guys play l;ike half our games everygame?
(19:26 / All) CaligulaXXXIIx: ty for exp
(19:58 / All) CaligulaXXXIIx: hey leave
(20:09 / All) CaligulaXXXIIx: big shitnoob birdface